[Event "Late-Titled-Tuesday-Blitz-February-13-2024"]
[Site "Chess.com"]
[Date "2024.02.13"]
[Round "2"]
[White "annasargsyan_m"]
[Black "GMKrikor"]
[Result "1-0"]
[WhiteElo "2567"]
[BlackElo "2835"]
[TimeControl "180+1"]
[EndTime "14:18:46 PST"]
[Termination "annasargsyan_m won on time"]

1. d4 Nf6 2. c4 g6 3. g3 Bg7 4.
Bg2 d5 5. cxd5 Nxd5 6. e4 Nb6 7. Ne2 c5 8. d5 e6 9. Nbc3 O-O 10. O-O Na6 11. Be3 Nc4 12. Qc1 Nxe3 13. Qxe3 exd5 14. exd5 Re8 15. Qd2 Rb8 16. Rad1 Bg4 17. Rfe1 Bxc3 18. bxc3 Qd6 19. f3 Bf5 20. c4 Nc7 21. Nc3 Rxe1+ 22.
Rxe1 Re8 23. Rxe8+ Nxe8 24. g4 Bd7 25. Ne4 Qe7 26. Qa5 b6 27. Qxa7 f5 28. gxf5 gxf5 29. Nf2 Qd6 30. Nd3 f4 31. Nf2 Nf6 32. Bh3 Bxh3 33. Nxh3 Qe5 34. Kg2 Qb2+ 35. Nf2 Qb4 36. Qe7 Qb2 37. d6 Qd4 38. a4 h6 39. h3 h5 40. h4 Kh8 41. Kh3 Kg8 42. Kg2 Kh8 43. Qd8+ Kg7 44. Qxb6 Qxc4 45. Qc7+ Kg6 46. d7 Nxd7 47. Qxd7 Qb4 48. Qc6+ Kf7 49. Qd5+ Kg7 50. Qe5+ Kf7 51. Qxh5+ Ke7 52. Qe5+ Kd7 53. Qe4 c4 54. Qxf4 Qxa4 55. Qf5+ Kc6 56. Qe4+ Kc5 57. Nd3+ Kb6 58. Qd4+ Kc7 59. Ne5 Qc2+ 60. Kg3 c3 61. Qd7+ Kb6 62. Qc6+ Ka5 63. Qc5+ Ka4 64. Qc4+ Ka3 65. Nd3 Qd2 66. Qb4+ Ka2 67. Qa4+ Kb1 68. Qb3+ Ka1 69. Qc4 c2 70. Qd4+ 1-0

[Event "Late-Titled-Tuesday-Blitz-February-13-2024"]
[Site "Chess.com"]
[Date "2024.02.13"]
[Round "2"]
[White "SCIM"]
[Black "Zhigalko_Sergei"]
[Result "0-1"]
[WhiteElo "2586"]
[BlackElo "2927"]
[TimeControl "180+1"]
[EndTime "14:18:47 PST"]
[Termination "Zhigalko_Sergei won by resignation"]

1. e4 c5 2. Nf3 Nc6 3. Bb5 Nf6 4. Nc3 Qc7 5. O-O Nd4 6. Bc4 e6 7. d3 a6 8. a4 Be7 9. Re1 d6 10. Be3 Nc6 11. h3 O-O 12. Qe2 Rb8 13. d4 cxd4 14.
Nxd4 Bd7 15. Nxc6 bxc6 16. b3 a5 17. Bd3 d5 18. Bd2 d4 19. Nd1 e5 20. Nb2 Bb4 21.
Nc4 Be6 22. Rad1 Nd7 23. Rf1 Bxd2 24. Qxd2 Rb4 25. Kh2 Nc5 26. Nb2 Rfb8 27. Rfe1 Qe7 28. Bc4 h6 29. Bxe6 Qxe6 30. Nc4 Nxa4 31. Nxa5 Nc3 32.
Ra1 Ra8 33. Nc4 Rbb8 34. Qd3 Qf6 35. Qg3 Rxa1 36. Rxa1 Re8 37. Re1 g6 38. Kg1 Kg7 39. Qd3 c5 40. Rf1 Ra8 41. g3 Qe6 42. Kg2 Re8 43. Qf3 h5 44. Qd3 Qc6 45. f3 h4 46.
g4 Qf6 47. Rf2 Qf4 48. Qf1 Ra8 49. Kh1 Ra2 50. Nb6 d3 51. cxd3 Ra3 52. Nd5 Nxd5 53.
exd5 Rxb3 54. d6 Rb6 55. d7 Rd6 56. Qe2 Qg3 57. Rg2 Qxh3+ 58. Rh2 Qg3 59. Rg2 Qf4 60. g5 Rxd7 61. Rg4 Qf5 62. Rxh4 Qxg5 63. Qh2 Qc1+ 64. Kg2 Qc2+ 65. Kg3 Qxh2+ 66. Rxh2 Rxd3 67. Rc2 e4 68. Rxc5 Rxf3+ 69. Kg4 Rf5 70. Rc7 Re5 71. Kg3 e3 0-1

[Event "Late-Titled-Tuesday-Blitz-February-13-2024"]
[Site "Chess.com"]
[Date "2024.02.13"]
[Round "2"]
[White "zverr1"]
[Black "stollenmonster"]
[Result "0-1"]
[WhiteElo "2566"]
[BlackElo "2873"]
[TimeControl "180+1"]
[EndTime "14:18:48 PST"]
[Termination "stollenmonster won by checkmate"]

1. e4 c5 2. Nf3 Nf6 3. e5 Nd5 4. Nc3 e6 5. Nxd5 exd5 6. d4 Nc6 7. c3 d6 8. exd6 Bxd6 9. dxc5 Bxc5 10. Be2 O-O 11. O-O Re8 12. h3 Bf5 13. Bd3 Qd7 14.
Bf4 Be4 15. Bxe4 Rxe4 16. Bg3 Qf5 17. Qd3 Rd8 18. Nd2 Rf4 19. Qxf5 Rxf5 20. Nb3 Bb6 21. Rad1 h5 22. Rd3 d4 23. cxd4 Nxd4 24. Nxd4 Rxd4 25.
Rfd1 Ra4 26. a3 Re4 27. Rd5 Rxd5 28. Rxd5 h4 29. Be5 Re1+ 30. Kh2 Bxf2 31. Bb8 Bg1+ 32. Kh1 Bd4+ 33. Kh2 Bxb2 34. a4 f6 35. Rd8+ Kh7 36.
Rd7 Re8 37. Bd6 Re6 38. Bb8 Rb6 39. Bc7 Rb4 40. a5 b6 41. axb6 axb6 42. Kg1 b5 43. Kf2 Rb3 44. Rd8 Kg6 45. Bd6 Rd3 46. Ke2 Rd5 47.
Kf3 Be5 48. Be7 Rxd8 49. Bxd8 b4 50. Be7 b3 51. Ba3 b2 52. Bxb2 Bxb2 53. Kg4 f5+ 54. Kxh4 Bd4 55. Kg3 Kg5 56. Kf3 Be5 57. Kf2 Kf4 58.
Kg1 Kg3 59. Kh1 Bd4 60. h4 Kxh4 61. Kh2 Kg4 62. Kh1 Ba1 63. Kg1 g5 64. Kf2 Kf4 65. Ke2 Kg3 66. Kf1 g4 67. Kg1 f4 68. Kh1 Kf2 69. Kh2 g3+ 70. Kh1 Ke2 71. Kg1 Ke3 72. Kh1 f3 73. Kg1 Kf4 74. Kh1 fxg2+ 75. Kxg2 Kg4 76. Kh1 Kf3 77. Kg1 g2 78. Kh2 Kf2 79. Kh3 g1=Q 80. Kh4 Bf6+ 81. Kh3 Qg2# 0-1

[Event "Late-Titled-Tuesday-Blitz-February-13-2024"]
[Site "Chess.com"]
[Date "2024.02.13"]
[Round "2"]
[White "GianmarcoVaR"]
[Black "CRObliterator"]
[Result "1-0"]
[WhiteElo "2722"]
[BlackElo "2379"]
[TimeControl "180+1"]
[EndTime "14:18:48 PST"]
[Termination "GianmarcoVaR won by checkmate"]

1. e4 c5 2. d4 cxd4 3. c3 dxc3 4. Nxc3 Nc6 5. Bc4 e6 6. Nf3 a6 7. O-O Nge7 8. Re1 Ng6 9. Be3 Be7 10. Nd5 exd5 11. exd5 Nce5 12. Nxe5 Nxe5 13. d6 Nxc4 14. dxe7 Qa5 15. Qd4 Ne5 16. b4 Nc6 17.
bxa5 Nxd4 18. Bxd4 f6 19. Bc5 d6 20. Bxd6 Bd7 21.
Rac1 Bc6 22. Bc7 Kf7 23. Bd8 Re8 24. f3 Rc8 25. Kf2 Kg8 26. Red1 Kf7 27. a3 Kg8 28.
Rc3 Kf7 29. Rd6 Kg8 30. Ke3 Kf7 31. Kd2 Kg8 32. Rc5 Kf7 33. Kc3 Kg8 34. Kb4 Kf7 35.
Rd4 Kg8 36. Rc3 Kf7 37. Re3 Kg8 38. Bb6 Kf7 39. Rd8 Kg8 40. Rxc8 Rxc8 41. Bd8 Kf7 42.
Rc3 Bd7 43. Rd3 Bc6 44. Rd2 Ke8 45. Rc2 Kf7 46. Rf2 Ke8 47. g4 Kf7 48. h3 Bd7 49. f4 Be8 50. f5 Bc6 51. Rd2 Be8 52. Re2 Bc6 53. Re3 Be8 54. Bb6 Bc6 55. Bc5 Be8 56.
h4 Bc6 57. h5 Be8 58. Rd3 h6 59. Rd8 Rc6 60. Kc4 Rc7 61. Kd5 Rd7+ 62. Ke4 Rc7 63. Bb6 Rc4+ 64. Bd4 Rc7 65. Kd3 Kxe7 66. Rb8 Rd7 67. Ke3 Kf7 68. Bc5 Rc7 69. Bd6 Rd7 70. Bb4 Rc7 71. Kf2 Bc6 72. Rf8# 1-0

[Event "Late-Titled-Tuesday-Blitz-February-13-2024"]
[Site "Chess.com"]
[Date "2024.02.13"]
[Round "2"]
[White "ErikRonka"]
[Black "Dedic8"]
[Result "0-1"]
[WhiteElo "2556"]
[BlackElo "2859"]
[TimeControl "180+1"]
[EndTime "14:18:50 PST"]
[Termination "Dedic8 won on time"]

1. e4 e5 2. Nf3 Nc6 3. Bb5 a6 4.
Ba4 Nf6 5. O-O b5 6. Bb3 Bc5 7. c3 d6 8. d4 Bb6 9. Be3 O-O 10. Nbd2 Re8 11. Re1 exd4 12. cxd4 Nb4 13. d5 Nd3 14.
Re2 Nxb2 15. Qc2 Na4 16. Bxa4 bxa4 17. Qxa4 Bd7 18. Qc2 Ng4 19. Bd4 Ne5 20. Qc3 Bg4 21. Re3 Qf6 22. Nxe5 dxe5 23. Bc5 Rab8 24. h3 Bd7 25. Rc1 h6 26. Nb3 Ba4 27. Qd2 Qg6 28. Qd3 Red8 29. Rg3 Qf6 30. Rf3 Qh4 31. Kh2 Qg5 32.
Be3 Qh4 33. g3 Qe7 34. Bc5 Qe8 35. Qc3 Bb5 36. Rf5 f6 37. Rf3 Qg6 38. Qc2 Ba4 39. Kg2 Kh8 40. Bxb6 cxb6 41. Qe2 Bb5 42. Qe1 Qf7 43. Rfc3 Rd7 44. Nd2 Kh7 45. Nf3 Re8 46. Nh4 Ra7 47. Qe3 Bd7 48. Qxb6 Rb7 49. Qe3 Reb8 50.
Rc7 Rxc7 51. Rxc7 Bxh3+ 52. Kxh3 Qxc7 53. Nf5 Rb1 54. Qe2 Rh1+ 55. Kg2 Qc1 56. Kf3 Qd1 57. Qxd1 Rxd1 58. Ke2 Rb1 59. Kd3 Kg8 60. Kc4 Kf8 61. Kc5 Rb2 62. Kd6 Rxa2 63. Ke6 Rd2 64. d6 Ke8 65. Ne3 Kd8 66. Nd5 Rd4 0-1

[Event "Late-Titled-Tuesday-Blitz-February-13-2024"]
[Site "Chess.com"]
[Date "2024.02.13"]
[Round "2"]
[White "Bilan_Danila"]
[Black "IngOscarArdila"]
[Result "0-1"]
[WhiteElo "2541"]
[BlackElo "2324"]
[TimeControl "180+1"]
[EndTime "14:18:50 PST"]
[Termination "IngOscarArdila won by resignation"]

1. d4 Nf6 2. Nf3 g6 3. Bg5 Bg7 4. c3 h6 5. Bh4 d6 6. Nbd2 Bf5 7.
e3 O-O 8. Bc4 d5 9. Bb3 c6 10.
O-O Nbd7 11. c4 Bd3 12. Re1 dxc4 13. Nxc4 Be4 14. Nfe5 Nxe5 15. Nxe5 g5 16. Bg3 Bd5 17.
Bc2 Ne4 18. Qh5 Nxg3 19. hxg3 f5 20. f4 e6 21. Kf2 Qe8 22. Qe2 Bxe5 23. dxe5 Qe7 24. Rh1 Kg7 25. Rad1 Rh8 26. a3 Raf8 27. b4 a5 28. Rd4 axb4 29. axb4 Ra8 30. e4 fxe4 31.
Bxe4 Raf8 32. Bxd5 cxd5 33. Qg4 Qf7 34. Rh5 Qf5 35. Qe2 Qg6 36. Kg1 gxf4 37. gxf4 Rf5 38.
Rh3 Kh7 39. Rc3 Rg8 40. Rc7+ Rf7 41. Rxf7+ Qxf7 42. Qd3+ Kh8 43. Qh3 Qg6 44. Rd2 Kh7 45. Rf2 Rf8 46. Kh2 Rf5 47. Rc2 Rh5 48. Rc7+ Kh8 49.
Rc8+ Kh7 50. Rc7+ Kg8 51. Rc8+ Kf7 52. Rc7+ Ke8 53. Rc3 Rxh3+ 54. Rxh3 h5 55. Rc3 Kd7 56. g3 Qg4 57. Ra3 h4 58. gxh4 Qxh4+ 59. Kg2 Qg4+ 60. Kf2 Qxf4+ 61. Ke2 Qh2+ 62. Kd1 Qg1+ 63. Kc2 Qf2+ 64.
Kb3 Qe3+ 65. Ka4 Qxe5 66. Kb5 Qd6 67. Rc3 e5 68. Ka5 d4 69. Rc1 d3 70. Rd1 d2 71.
b5 e4 72. b6 e3 73. Rh1 Qd5+ 74. Ka4 Qxh1 0-1

[Event "Late-Titled-Tuesday-Blitz-February-13-2024"]
[Site "Chess.com"]
[Date "2024.02.13"]
[Round "2"]
[White "HamedWafa4"]
[Black "Grindaveci"]
[Result "1/2-1/2"]
[WhiteElo "2743"]
[BlackElo "2449"]
[TimeControl "180+1"]
[EndTime "14:18:51 PST"]
[Termination "Game drawn - insufficient material"]

1. e4 e5 2. Nf3 Nc6 3. Bb5 a6 4. Ba4 Nf6 5. O-O Be7 6. d3 b5 7.
Bb3 d6 8. a3 O-O 9. Nc3 Na5 10.
Ba2 c5 11. Nd5 Nxd5 12. Bxd5 Bb7 13. Ba2 Nc6 14. c3 Bf6 15. Be3 Ne7 16. b4 cxb4 17.
axb4 d5 18. Nd2 Qc7 19. Rc1 Rfd8 20. Qe2 Qd7 21. f3 dxe4 22. dxe4 Qd3 23. Qxd3 Rxd3 24.
Kf2 Rad8 25. Nb3 Rxe3 26. Kxe3 Bg5+ 27. Ke2 Bxc1 28. Rxc1 Ng6 29. g3 Nf8 30. Nc5 Bc8 31. c4 Ne6 32. cxb5 Nd4+ 33. Ke3 axb5 34. Bd5 Kf8 35. f4 f6 36. fxe5 fxe5 37. Rf1+ Ke8 38. Bf7+ Ke7 39. Bd5 Rf8 40. Rxf8 Kxf8 41. Nd3 Ke7 42.
Nxe5 Nc2+ 43. Kd3 Nxb4+ 44. Kd4 Be6 45. Bb7 Kd6 46. Nf3 Nc6+ 47. Bxc6 Kxc6 48. Ne5+ Kd6 49. Nd3 Bc4 50. Nf4 Bf7 51. e5+ Kd7 52. h4 Bc4 53. Kc5 Ke7 54. Kd4 g6 55. Kc5 Kf7 56.
Kd6 h6 57. e6+ Ke8 58. Nxg6 b4 59. Ne5 Be2 60. e7 b3 61. Nd7 Bb5 62. Nf6+ Kf7 63.
Nd5 b2 64. Nc3 Ke8 65. Ke6 Bd3 66. g4 b1=Q 67. Nxb1 Bxb1 68. g5 hxg5 69. hxg5 Bg6 70. Kf6 Bb1 71. g6 Bxg6 72. Kxg6 Kxe7 1/2-1/2

[Event "Late-Titled-Tuesday-Blitz-February-13-2024"]
[Site "Chess.com"]
[Date "2024.02.13"]
[Round "2"]
[White "Savagelittlemole"]
[Black "LUISMIGUELOV"]
[Result "1/2-1/2"]
[WhiteElo "2463"]
[BlackElo "2183"]
[TimeControl "180+1"]
[EndTime "14:18:53 PST"]
[Termination "Game drawn by repetition"]

1. e4 e5 2. Nf3 Nc6 3. Bb5 a6 4.
Ba4 Nf6 5. O-O b5 6. Bb3 Be7 7. Re1 O-O 8. h3 d5 9. exd5 Nxd5 10. Nxe5 Nxe5 11. Rxe5 c6 12. Re1 Bd6 13. d4 Qh4 14.
Qf3 Be6 15. Nc3 Qxd4 16. Nxd5 Bxd5 17. Bxd5 Qxd5 18. Qxd5 cxd5 19. Be3 Rad8 20. Rad1 Rfe8 21. Kf1 Be5 22. c3 f6 23. Bb6 Rb8 24. Ba5 b4 25. Bxb4 d4 26. f4 dxc3 27. fxe5 Rxb4 28. bxc3 Rb2 29.
exf6 Rxe1+ 30. Rxe1 Rxa2 31. fxg7 Kxg7 32. Re7+ Kg6 33.
c4 Rc2 34. Ra7 Rxc4 35. Rxa6+ Kg7 36. Kf2 Rc2+ 37. Kg3 Rc3+ 38. Kh4 Rc4+ 39. g4 Rc3 40. Ra5 Rb3 41. Rh5 Ra3 42. Rf5 Rb3 43. Rf4 Ra3 44.
g5 Kg6 45. Rf6+ Kg7 46. Kg4 Ra4+ 47. Kh5 Ra3 48. h4 Ra4 49. Rb6 Ra7 50. Rb4 Rc7 51. Kg4 Ra7 52. h5 Rc7 53. h6+ Kf7 54. Rb5 Ra7 55.
Kf5 Rc7 56. Ra5 Rb7 57. Kg4 Rb4+ 58. Kh5 Rb7 59. Rf5+ Kg8 60. Rf6 Rb5 61. Rf4 Ra5 62. Kg4 Rb5 63. Rf5 Rb4+ 64. Kh5 Ra4 65. g6 hxg6+ 66. Kxg6 Ra6+ 67. Kg5 Kh7 68. Rf7+ Kg8 69. Rg7+ Kh8 70. Rf7 Kg8 71. Rf5 Kh8 72. Kh5 Kh7 73. Rf7+ Kg8 74. Rb7 Kh8 75. Kg5 Kg8 76. Re7 Kh8 77.
h7 Ra5+ 78. Kg6 Ra6+ 79. Kf5 Ra5+ 80. Kf6 Ra6+ 81. Kf5 Ra5+ 82. Kg6 Ra6+ 83. Kf5 1/2-1/2

[Event "Late-Titled-Tuesday-Blitz-February-13-2024"]
[Site "Chess.com"]
[Date "2024.02.13"]
[Round "2"]
[White "ArtemDyachuk"]
[Black "Fandorine"]
[Result "1/2-1/2"]
[WhiteElo "2617"]
[BlackElo "2952"]
[TimeControl "180+1"]
[EndTime "14:18:54 PST"]
[Termination "Game drawn - insufficient material"]

1. d4 Nf6 2. c4 e6 3. Nf3 b6 4. g3 Bb7 5. Bg2 Be7 6. O-O O-O 7. d5 Na6 8. Nc3 Bb4 9. Nd4 Bxc3 10. bxc3 Nc5 11. a4 exd5 12. Nf5 dxc4 13. Bxb7 Nxb7 14. Qd4 Re8 15. Bg5 d5 16. Nh6+ Kf8 17. Ng4 Re4 18. Nxf6 Rxd4 19. Nxh7+ Kg8 20. Bxd8 Rd2 21. Nf6+ gxf6 22.
Bxc7 Rxe2 23. Rfd1 Rc8 24. Bf4 Rd8 25. Rd4 Nc5 26. a5 Nb3 27. axb6 axb6 28. Bc7 Rc8 29. Rg4+ Kh7 30. Ra7 Re7 31. Bxb6 Rxa7 32. Bxa7 f5 33. Rf4 Kg6 34. h4 Rd8 35. Be3 f6 36. Kg2 Re8 37. h5+ Kf7 38. Rxf5 Re5 39. g4 Rxf5 40. gxf5 Na5 41.
h6 Nc6 42. Kf3 Kg8 43. Bf4 Kf7 44. Ke3 Ne7 45. Kd4 Kg8 46. Bd6 Nxf5+ 47. Kxd5 Nxh6 48. Kxc4 Kf7 49. Kd5 Ng4 50. f3 Ne3+ 51. Ke4 Nc4 52.
Bf4 Ke6 53. Kd4 Na5 54. c4 Nb3+ 55. Kc3 Nc5 56. Be3 Nd7 57. Kd4 Ne5 58. f4 Nd7 59. c5 Nb8 60. Kc4 Nc6 61. Kb5 Kd5 62. Kb6 f5 63. Bf2 Nb4 64. Bh4 Nc6 65. Bf6 Nb4 66. Be5 Nc6 67. Bd6 Nd4 68. Kc7 Ne6+ 69.
Kd7 Nxf4 70. c6 Ne6 71. c7 Nxc7 72. Bxc7 f4 73. Bxf4 1/2-1/2

[Event "Late-Titled-Tuesday-Blitz-February-13-2024"]
[Site "Chess.com"]
[Date "2024.02.13"]
[Round "2"]
[White "cthulhuuu"]
[Black "Flawless_Fighter"]
[Result "1-0"]
[WhiteElo "2465"]
[BlackElo "2735"]
[TimeControl "180+1"]
[EndTime "14:18:54 PST"]
[Termination "cthulhuuu won by checkmate"]

1. e4 c5 2. Nf3 d6 3. g3 Nc6 4.
Bg2 g6 5. O-O Bg7 6. d3 Nf6 7. Re1 O-O 8. e5 dxe5 9. Nxe5 Nxe5 10. Rxe5 Bg4 11. Qe1 Qb6 12. Nc3 Rac8 13. Rxe7 Rfe8 14.
Nd5 Qd8 15. Bg5 Nxd5 16. Rxe8+ Qxe8 17. Bxd5 b6 18. c3 h6 19. Bf4 Qd7 20. Bg2 Qxd3 21. h3 Bf3 22. Bxf3 Qxf3 23. Rd1 Qc6 24. Rd6 Re8 25.
Rxc6 Rxe1+ 26. Kg2 Re2 27. Rc8+ Kh7 28. Rc7 g5 29.
Bd6 Kg6 30. Rxa7 Rxb2 31. Ra6 Bxc3 32. Bxc5 f6 33. Bxb6 Be1 34. Bd4 Rd2 35. Rxf6+ Kh7 36. Rf7+ Kg6 37. Rg7+ Kf5 38. Be3 Rxa2 39. g4+ Ke4 40. Re7+ Kd3 41. Re6 Bc3 42. Rxh6 Ke4 43. Rg6 Be1 44. Rxg5 Re2 45. Rg6 Rc2 46. Re6+ Kd5 47.
Re8 Bb4 48. g5 Rc6 49. h4 Rg6 50. h5 Rg7 51. h6 Rd7 52. h7 Bc3 53. h8=Q Bxh8 54.
Rxh8 Ke6 55. Rg8 Kf5 56. Kf3 Rd5 57. Ra8 Kg6 58. Rc8 Rd6 59. Rc5 Re6 60. Kg4 Re4+ 61. Bf4 Re6 62. Rd5 Rc6 63. Rd6+ Rxd6 64. Bxd6 Kh7 65.
f4 Kg6 66. f5+ Kh7 67. g6+ Kh6 68. Bf8# 1-0

[Event "Late-Titled-Tuesday-Blitz-February-13-2024"]
[Site "Chess.com"]
[Date "2024.02.13"]
[Round "2"]
[White "MetiForce"]
[Black "DanylaBagrov"]
[Result "1-0"]
[WhiteElo "2860"]
[BlackElo "2559"]
[TimeControl "180+1"]
[EndTime "14:18:56 PST"]
[Termination "MetiForce won by resignation"]

1. d4 f5 2. Qd3 d6 3. Nc3 Nf6 4.
g3 e5 5. Bg2 e4 6. Qd1 Be7 7. f3 d5 8. Bg5 O-O 9. Nh3 Be6 10. O-O h6 11. Bxf6 Bxf6 12. Nf4 Bf7 13. fxe4 fxe4 14. e3 g5 15. Qg4 Bg7 16. Ne6 Qd7 17.
Bh3 Nc6 18. Nxf8 Qxg4 19. Bxg4 Bxf8 20. a3 Na5 21. b3 c5 22. Rf5 cxd4 23. Nxd5 Nc6 24.
Raf1 Bg6 25. Rf6 Kg7 26. Nc7 Be7 27. Rxg6+ Kxg6 28. Nxa8 dxe3 29. Nc7 Bc5 30. Be2 Nd4 31. Re1 Nxc2 32. Rc1 Nd4 33. Kf1 Bxa3 34. Rc3 Bb2 35. Rxe3 Kf5 36. Nb5 Nc2 37. Nd6+ Ke5 38. Rxe4+ Kxd6 39.
Bg4 Be5 40. Bd1 Nd4 41. Kf2 a5 42. Ke3 Nf5+ 43. Kd3 Ne7 44. Kc4 Bb2 45. Re2 Bc1 46. Rc2 Be3 47. Bf3 b6 48. Re2 Bg1 49. Rg2 Be3 50. Re2 Bc5 51. Bg4 Nc6 52. Re6+ Kc7 53. Bd1 Nd4 54. Rxh6 Nf5 55. Re6 Kd7 56. Re5 Ne3+ 57.
Kd3 Nxd1 58. Rxg5 Nf2+ 59. Kc4 Ne4 60. Rg6 Nd2+ 61. Kc3 Bb4+ 62. Kc2 Kc7 63. h4 Nf3 64. h5 Nd4+ 65. Kb2 Nf5 66. h6 Bc5 67. h7 Bd4+ 68.
Kc2 b5 69. g4 Ne3+ 70. Kd3 a4 71. Kxd4 a3 72. h8=Q a2 73. Qh7+ 1-0

[Event "Late-Titled-Tuesday-Blitz-February-13-2024"]
[Site "Chess.com"]
[Date "2024.02.13"]
[Round "2"]
[White "AsterPhoenix"]
[Black "Zapateado"]
[Result "1/2-1/2"]
[WhiteElo "2641"]
[BlackElo "2358"]
[TimeControl "180+1"]
[EndTime "14:18:56 PST"]
[Termination "Game drawn by stalemate"]

1. e4 c5 2. b4 cxb4 3. a3 bxa3 4. Nxa3 Nc6 5. d4 d5 6. exd5 Qxd5 7. Nb5 Qd8 8. d5 Ne5 9. Bf4 f6 10. Nf3 Bg4 11. Be2 Bxf3 12. Bxf3 a6 13. Nd4 Qd6 14. O-O g6 15. c4 Bh6 16. Bg3 Rc8 17.
Qb3 Qd8 18. Rfe1 Kf7 19. Bxe5 fxe5 20. Ne6 Qd7 21. Bg4 Qd6 22. c5 Rxc5 23. Nxc5 Qxc5 24.
d6+ Kg7 25. d7 Nf6 26. Be6 Rd8 27. Rad1 Qc6 28. h3 b5 29. Rxe5 Bf4 30. Ree1 Bd6 31. Rc1 Qb6 32. Rc8 Rxd7 33. Bxd7 Nxd7 34. Qg8+ Kh6 35. Qe6 Nf6 36. Rd1 Qa5 37. Rcc1 Qb4 38. Ra1 Qf4 39. g3 Qf3 40. Re1 Bxg3 41. Qe3+ Qxe3 42. Rxe3 Bd6 43. Rxa6 Nd5 44. Rb3 b4 45. Kg2 Nf4+ 46. Kf3 Ne6 47. Rxd6 exd6 48. Rxb4 Kg7 49. Ke4 Kf6 50. Kd5 Nc7+ 51. Kxd6 Ne8+ 52. Kd5 Ng7 53.
Ke4 Nf5 54. Rb6+ Kg5 55. Ra6 Kh4 56. Ra3 Nd6+ 57. Ke5 Nc4+ 58. Kf6 Nxa3 59. Kg7 h5 60. Kxg6 Nc4 61. f4 Ne3 62. Kh6 Nf5+ 63. Kg6 Ng3 64. f5 Nxf5 65. Kxf5 Kxh3 66. Kf4 h4 67. Kf3 Kh2 68. Kf2 Kh3 69. Kf1 Kh2 70. Kf2 Kh1 71. Kf1 h3 72. Kf2 h2 73. Kf1 1/2-1/2

[Event "Late-Titled-Tuesday-Blitz-February-13-2024"]
[Site "Chess.com"]
[Date "2024.02.13"]
[Round "2"]
[White "DuleMudule"]
[Black "OneTrickPony_82"]
[Result "1/2-1/2"]
[WhiteElo "2854"]
[BlackElo "2568"]
[TimeControl "180+1"]
[EndTime "14:19:00 PST"]
[Termination "Game drawn by repetition"]

1. d4 Nf6 2. Bg5 d5 3. e3 c5 4.
Bxf6 exf6 5. dxc5 Bxc5 6. c3 Be6 7. Nd2 Nc6 8. Nb3 Bb6 9. Nf3 O-O 10. g3 a5 11. a4 Ne5 12. Bg2 Nc4 13. Qe2 Re8 14.
Nfd4 Qd7 15. O-O Bg4 16. Qc2 Rad8 17. Rfe1 h5 18. h4 Bh3 19. Bf3 g6 20. Nd2 Ne5 21. Bh1 Bxd4 22. cxd4 Bf5 23. Qb3 Nd3 24. Red1 Nb4 25.
Rac1 Rc8 26. Rc3 Bc2 27. Rxc2 Rxc2 28. Nb1 Qf5 29. Rf1 Qd3 30. Qxd3 Nxd3 31. Nc3 Rxb2 32.
Nxd5 Kg7 33. Nc3 Rc8 34. Nb5 Rcc2 35. Be4 Rd2 36. Bxd3 Rxd3 37. Kg2 Rxe3 38. Rd1 Ree2 39. Kf3 Rxf2+ 40. Ke3 Rfe2+ 41. Kd3 Rg2 42. d5 Rxg3+ 43. Kc4 Rb4+ 44. Kc5 Rbb3 45. d6 Rbd3 46. Re1 g5 47.
Kb6 gxh4 48. Kc7 h3 49. d7 h2 50. Rh1 Rg2 51. Nd6 Rxd6 52. Kxd6 Rd2+ 53. Kc7 Rc2+ 54.
Kb8 Rd2 55. Kc8 Rc2+ 56. Kxb7 Rd2 57. Kc7 Rc2+ 58. Kb6 Rd2 59. Rxh2 Rxd7 60. Rxh5 Kg6 61. Rxa5 f5 62. Rb5 f4 63. a5 f3 64. Rb3 Rd6+ 65.
Kb5 Rf6 66. Rb1 f2 67. Rf1 Kg5 68. a6 Rf5+ 69. Kb6 Rf3 70. a7 Rb3+ 71. Kc7 Ra3 72. Kb8 Rb3+ 73. Kc8 Rc3+ 74. Kb7 Rb3+ 75. Kc6 Rc3+ 76.
Kb6 Rb3+ 77. Kc5 Ra3 78. Kb6 Rb3+ 1/2-1/2

[Event "Late-Titled-Tuesday-Blitz-February-13-2024"]
[Site "Chess.com"]
[Date "2024.02.13"]
[Round "2"]
[White "lucasran"]
[Black "Jahonas"]
[Result "1-0"]
[WhiteElo "2667"]
[BlackElo "2365"]
[TimeControl "180+1"]
[EndTime "14:19:00 PST"]
[Termination "lucasran won by resignation"]

1. Nf3 d5 2. d4 Nf6 3. c4 c6 4.
e3 Bg4 5. Qb3 Qb6 6. Nc3 e6 7.
Ne5 Bf5 8. Be2 h5 9. Bd2 Nbd7 10. Nxd7 Nxd7 11. Na4 Qxb3 12. axb3 Bc2 13. Bd1 Bd3 14.
c5 e5 15. b4 Bb5 16. Nc3 a6 17. Nxb5 cxb5 18. Bb3 exd4 19. Bxd5 O-O-O 20. Bxf7 dxe3 21. Bxe3 Be7 22. Be6 Bf6 23. O-O-O Rhe8 24. Bh3 Kc7 25. Rd5 Ne5 26. Rhd1 Rxd5 27. Rxd5 Rd8 28. Rxd8 Kxd8 29. Kc2 Nc4 30. Bc1 g5 31. Be6 Ne5 32. Bd5 Nc6 33.
Bd2 Kd7 34. h3 h4 35. Kd3 Ne5+ 36. Ke4 Nc6 37. b3 Be7 38. Kf5 a5 39. bxa5 Bxc5 40. f3 Be7 41. Bxg5 Nd4+ 42. Ke4 Bxg5 43. Kxd4 Bd2 44. Kc5 Bxa5 45. Kxb5 Bd2 46. Bxb7 Kd6 47. Be4 Be3 48. Kc4 Bf2 49. Kd3 Ke5 50. Ke2 Bc5 51. Bc6 Bd4 52. b4 Bb6 53. b5 Bc5 54. Kd3 Bb6 55. Kc4 Kd6 56. Ba8 Ke5 57. Bb7 Ba7 58. Kb4 Bb6 59. Ka4 Kd4 60. Bc6 Kc5 61. f4 Kd4 62. f5 Ke5 63. Bd7 Kd6 64. Be6 Ke5 65. Kb4 Ba7 66. Kc4 Bb6 67. Kd3 Kf4 68.
Ke2 Ke5 69. Kf3 Bd8 70. Kg4 Kd6 71. Kh5 Ke5 72. Kg6 Kd6 73. Bf7 Ke7 74. Bd5 Bb6 75. Bc6 Bc7 76. f6+ Kf8 77. f7 Bd8 78. Be8 Ke7 79.
Kg7 Kd6 80. f8=Q+ Kc7 81. Qf7+ 1-0

[Event "Late-Titled-Tuesday-Blitz-February-13-2024"]
[Site "Chess.com"]
[Date "2024.02.13"]
[Round "2"]
[White "Karacsonyi_Gellert"]
[Black "GoldenShare"]
[Result "1-0"]
[WhiteElo "2824"]
[BlackElo "2540"]
[TimeControl "180+1"]
[EndTime "14:19:01 PST"]
[Termination "Karacsonyi_Gellert won by resignation"]

1. e4 c6 2. d4 d5 3. exd5 cxd5 4. Bd3 Nc6 5. c3 Qc7 6. Ne2 Bg4 7. f3 Bh5 8. Nf4 Nf6 9. g4 Bg6 10. g5 Nh5 11. Nxd5 Qd7 12. Ne3 e5 13. d5 Bxd3 14. Qxd3 Nf4 15. Qe4 Ne7 16. Na3 Nexd5 17. Nxd5 Nxd5 18. Qxe5+ Be7 19. Bd2 O-O 20. O-O Bd6 21.
Qd4 Rfe8 22. Rae1 Qh3 23. Qf2 b6 24. Qg2 Qf5 25. Nc4 Bc5+ 26. Kh1 b5 27. Na3 Bxa3 28. bxa3 Rad8 29. Rxe8+ Rxe8 30. Re1 Rxe1+ 31. Bxe1 Nf4 32. Qd2 Qxg5 33. Bg3 Ne6 34. Qe2 Qc1+ 35. Kg2 Qxc3 36. Qxb5 Qd2+ 37. Bf2 Nf4+ 38. Kg3 Ne2+ 39. Kg2 Nf4+ 40.
Kg3 Ne2+ 41. Kh3 Qh6+ 42. Kg2 Nf4+ 43. Kf1 Qh3+ 44. Ke1 Qe6+ 45. Kf1 Qh3+ 46. Ke1 Qe6+ 47. Kd2 Qd5+ 48. Qxd5 Nxd5 49. Bxa7 Kf8 50. a4 Ke7 51. Bc5+ Kd7 52. a5 Kc6 53. a6 Nc7 54. Bd4 g6 55. Ke3 Nxa6 56. Kf4 Nb4 57. a4 Kd5 58. Bg1 h6 59. h4 Nd3+ 60. Kg4 Ne5+ 61. Kg3 f5 62. a5 Kc6 63. a6 Nd3 64. Be3 h5 65. Bg1 Ne5 66.
Kf4 Nf7 67. Bf2 Kc7 68. Be3 Kc6 69. Bd4 Kc7 70. Bf6 Kb6 71. Ke3 Kxa6 72. Kd4 Kb5 73. Kd5 Kb4 74. Ke6 Nh6 75. Bg5 Ng4 76. fxg4 hxg4 77.
Bf4 Kc4 78. Kf6 Kd4 79. Kxg6 Ke4 80. Kg5 Kf3 81. Kxf5 g3 82. Bxg3 Kxg3 83. h5 Kf3 84.
h6 1-0

[Event "Late-Titled-Tuesday-Blitz-February-13-2024"]
[Site "Chess.com"]
[Date "2024.02.13"]
[Round "2"]
[White "chegueps"]
[Black "GHANDEEVAM2003"]
[Result "1-0"]
[WhiteElo "2668"]
[BlackElo "3007"]
[TimeControl "180+1"]
[EndTime "14:19:04 PST"]
[Termination "chegueps won by resignation"]

1. e4 c6 2. d4 d5 3. Nc3 dxe4 4. Nxe4 Bf5 5. Ng3 Bg6 6. h4 h6 7. Bd3 Qxd4 8. Nf3 Qd6 9. Bxg6 Qxg6 10. Qe2 Nd7 11.
Bf4 Qf6 12. Be5 Nxe5 13. Nxe5 O-O-O 14. O-O e6 15. Rad1 Bd6 16. Ne4 Bxe5 17. Nxf6 Bxf6 18. Rxd8+ Bxd8 19. Qg4 Bf6 20. Rd1 Ne7 21. c3 h5 22. Qe4 Nd5 23. g3 Kc7 24. Kg2 a6 25. Rd3 Kc8 26. Qe1 Ne7 27. Qd2 Nd5 28. c4 Nb6 29. b3 c5 30. Rd6 Kc7 31. Qf4 e5 32.
Qd2 Be7 33. Rd3 f5 34. Qa5 Kc6 35. a3 e4 36. Rd1 Rh6 37. b4 Re6 38. b5+ axb5 39.
cxb5+ Kc7 40. a4 e3 41. fxe3 Rxe3 42. Qd2 Re4 43. Rc1 Nxa4 44. Qa5+ Nb6 45. Qa1 Bf8 46.
Re1 Nd7 47. Rxe4 fxe4 48. Qb1 Nf6 49. Qb3 Bd6 50. Qe6 b6 51. Qf7+ Kc8 52. Qxg7 Be5 53. Qf7 Bd4 54. Qe6+ Nd7 55. Qc6+ Kd8 56. Qxe4 Ne5 57.
Qf5 c4 58. Qe4 Bb2 59. Qa8+ Kc7 60. Qa7+ Kd6 61. Qxb6+ Kd5 62. Qb7+ Kd4 63. b6 c3 64. Qc7 c2 65. b7 c1=Q 66. Qxc1 Bxc1 67. b8=Q Ke4 68.
Qh8 Nd3 69. Qxh5 Ke3 70. Qh6+ Ke2 71. Qe6+ Be3 72. h5 Ne1+ 73. Kh3 Nd3 74. h6 Kf3 75. h7 Bg5 76. Qf5+ Nf4+ 77. gxf4 Bf6 78. Qxf6 1-0